 Dungeon Sprint DCSS version 0.31-a0-8-gd14b0f4ee2 (webtiles) character file.

Game seed: 12639124437741299712

24938 Conn the Eclecticist (level 13, -20/74 HPs)
             Began as an Octopode Fire Elementalist on May 7, 2023.
             Was a High Priest of Sif Muna.
             Killed from afar by a fire giant (31 damage)
             ... with a bolt of fire
             ... in the Dungeon (Sprint I: "Red Sonja").
             The game lasted 00:59:19 (4549 turns).

Conn the Eclecticist (Octopode Fire Elementalist)   Turns: 4549, Time: 00:59:26

Health: -20/74     AC:  1    Str:  7    XL:     13   Next: 16%
Magic:  14/35      EV: 14    Int: 22    God:    Sif Muna [*****.]
Gold:   2168       SH:  3    Dex: 12    Spells: 2/49 levels left

rFire   . . .        a - +6 spear "Demonslayer" {flame, rElec rCorr Str-2 SInv}
rCold   + . .        o - +0 buckler of the Teacher {rPois rC+ Str-3 Int+2}
rNeg    . . .        (helmet restricted)
rPois   +            (no amulet)
rElec   +            l - ring of willpower
rCorr   +            r - ring of flight
SInv    +            t - ring of see invisible
Will    +....        d - ring of resist corrosion
Stlth   +++          (no ring)
HPRegen 0.32/turn    (no ring)
MPRegen 0.24/turn    (no ring)
                     (no ring)

%: no teleportation
@: brilliant, channelling, flying
A: almost no armour, amphibious, 8 rings, camouflage 1, gelatinous body 1,
(nimble swimmer 1), tentacles, strong 1, subdued magic 1
a: Renounce Religion, Channel Magic, Forget Spell, Divine Exegesis


You were in the Dungeon.
You worshipped Sif Muna.
Sif Muna was extremely pleased with you.
You visited 1 branch You collected 3267 gold pieces.
You spent 1099 gold pieces at shops.

Inventory:

Hand Weapons
 a - the +6 spear "Demonslayer" (weapon) {flame, rElec rCorr Str-2 SInv}
   (You bought it in a shop in the Dungeon)

   Str:       It affects your strength (-2).
   rElec:     It insulates you from electricity.
   SInv:      It lets you see invisible.
   rCorr:     It protects you from acid and corrosion.
 b - the +8 storm bow {elec, penet}
   (You found it in the Dungeon)
 g - a +0 quick blade of flaming
Missiles
 i - 4 curare-tipped darts (quivered)
 n - 4 poisoned darts
Armour
 o - the +0 buckler of the Teacher (worn) {rPois rC+ Str-3 Int+2}
   (You bought it in a shop in the Dungeon)

   Str:       It affects your strength (-3).
   Int:       It affects your intelligence (+2).
   rC:        It protects you from cold.
   rPois:     It protects you from poison.
 q - the +0 hat of Pride {Will- Dex+4}
   (You bought it in a shop in the Dungeon)

   Dex:       It affects your dexterity (+4).
   Will:      It decreases your willpower.
Jewellery
 d - a ring of resist corrosion (on tentacle)
 l - a ring of willpower (left tentacle)
 r - a ring of flight (right tentacle)
 t - a ring of see invisible (on tentacle)
Wands
 e - a wand of digging (2)
Scrolls
 f - 2 scrolls of blinking
Potions
 j - a potion of cancellation
 p - 3 potions of magic
 s - 2 potions of curing
 u - a potion of heal wounds


   Skills:
 - Level 1.7 Fighting
 - Level 1.1 Polearms
 - Level 1.7 Throwing
 - Level 5.5 Dodging
 - Level 2.6 Stealth
 - Level 0.3 Shields
 - Level 18.9 Spellcasting
 - Level 12.8 Conjurations
 - Level 5.4 Hexes
 - Level 8.7 Summonings
 - Level 4.8 Translocations
 - Level 15.5 Fire Magic
 - Level 4.2 Air Magic
 - Level 5.3 Earth Magic
 + Level 13.9 Invocations
 - Level 0.8 Evocations


You had 2 spell levels left.
You knew the following spells:

 Your Spells              Type           Power      Damage    Failure   Level
a - Foxfire               Conj/Fire      100%       2x1d9     0%          1
b - Scorch                Fire           100%       2d9       0%          2
c - Inner Flame           Hex/Fire       67%        N/A       1%          3
d - Iskenderun's Mystic   Conj/Tloc      62%        2d13      1%          4
e - Call Canine Familiar  Summ           62%        N/A       1%          3
f - Blink                 Tloc           96%        N/A       1%          2
g - Summon Cactus Giant   Summ           31%        N/A       14%         6
h - Iron Shot             Conj/Erth      31%        9d6       12%         6
i - Arcjolt               Conj/Air       30%        1d40      2%          5
j - Summon Guardian Gole  Hex/Summ       56%        N/A       1%          3
k - Plasma Beam           Fire/Air       32%        2x1d50    9%          6
l - Starburst             Conj/Fire      38%        6d11      1%          6

Your spell library contained the following spells:

 Spells                   Type           Power      Damage    Failure   Level
 Magic Dart               Conj           100%       1d8       0%          1
 Searing Ray              Conj           100%       2d8       0%          2
 Slow                     Hex            100%       N/A       1%          1
 Ensorcelled Hibernation  Hex/Ice        74%        N/A       1%          2
 Lesser Beckoning         Tloc           96%        N/A       1%          2
 Momentum Strike          Conj/Tloc      100%       3d10      1%          2
 Static Discharge         Conj/Air       100%       2-7/arc   1%          2
 Sublimation of Blood     Necr           24%        N/A       4%          2
 Wereblood                Tmut           24%        N/A       4%          2
 Confusing Touch          Hex            51%        N/A       1%          3
 Ignite Poison            Fire/Tmut/Pois 50%        N/A       1%          3
 Portal Projectile        Hex/Tloc       98%        N/A       1%          3
 Stone Arrow              Conj/Erth      100%       3d13      1%          3
 Volatile Blastmotes      Fire/Tloc      100%       2d18      1%          3
 Flame Wave               Conj/Fire      77%        2d17      1%          4
 Fulminant Prism          Conj/Hex       31%        3d15      1%          4
 Sticky Flame             Conj/Fire      77%        2d9       1%          4
 Fireball                 Conj/Fire      38%        3d16      1%          5
 Iskenderun's Battlesphe  Conj           73%        2d12      1%          5
 Cause Fear               Hex            25%        N/A       3%          4
 Leda's Liquefaction      Hex/Erth       25%        N/A       3%          4
 Manifold Assault         Tloc           48%        N/A       4%          4
 Summon Mana Viper        Hex/Summ       56%        N/A       4%          5
 Airstrike                Air            22%        2d(4-20)  5%          4
 Irradiate                Conj/Tmut      27%        3d20      7%          5
 Spider Form              Tmut/Pois      24%        N/A       10%         3
 Vampiric Draining        Necr           24%        2d7       10%         3
 Anguish                  Hex/Necr       18%        N/A       11%         4
 Conjure Ball Lightning   Conj/Air       30%        3x3d10    16%         6
 Orb of Destruction       Conj           36%        9d11      16%         7
 Metabolic Englaciation   Hex/Ice        18%        N/A       32%         5
 Yara's Violent Unravell  Hex/Tmut       18%        3d9       32%         5
 Ignition                 Fire           40%        3d12      36%         8
 Dispersal                Tloc           24%        N/A       61%         6
 Summon Hydra             Summ           31%        N/A       63%         7
 Blade Hands              Tmut           12%        N/A       71%         5
 Statue Form              Tmut/Erth      24%        N/A       88%         6
 Malign Gateway           Summ/Tloc      27%        N/A       89%         7
 Haunt                    Necr/Summ      23%        N/A       99%         7
 Lehudib's Crystal Spear  Conj/Erth      31%        10d8      99%         8
 Storm Form               Tmut/Air       17%        N/A       100%        7
 Discord                  Hex            25%        N/A       100%        8
 Disjunction              Tloc           24%        N/A       100%        8
 Maxwell's Capacitive Co  Air            22%        ∞         100%        8
 Summon Horrible Things   Summ           31%        N/A       100%        8
 Chain Lightning          Conj/Air       30%        3d40      100%        9
 Fire Storm               Conj/Fire      38%        8d10      100%        9


Dungeon Overview and Level Annotations

Branches:
Dungeon (1/1)

Altars:
Cheibriados
Dithmenos
Elyvilon
Fedhas
Gozag
Hepliaklqana
Kikubaaqudgha
Makhleb
Nemelex Xobeh
Okawaru
Qazlal
Ru
Sif Muna
Trog
Uskayaw
Vehumet
Wu Jian
Xom
Yredelemnul
Zin
The Shining One
Jiyva
Lugonu

Shops:
D ?*[**(?*[[[![[*(*[?[?

Annotations:
D Lom Lobon


Innate Abilities, Weirdness & Mutations

You cannot wear most types of armour.
You are amphibious.
You can wear up to eight rings at the same time.
Your skin changes colour to match your surroundings (Stealth+).
Your rubbery body absorbs attacks. (AC +1, EV +1)
((You are camouflaged when in or above water. (Stealth+)))
You have tentacles for arms and can constrict up to eight enemies at once.
Your muscles are strong. (Str +4, Int/Dex -1)
Your spells are a little easier to cast, but a little less powerful.


Message History

Casting: Plasma Beam (dangerous; 9% risk of failure)
Confirm with . or Enter, or press ? or * to list all spells.
Okay, then.
Unknown command.
Chain Lightning might hit your cactus giant.
Cast it anyway?
Lightning arcs from your tentacles!
The bolt of lightning hits the fire giant!!!!
You kill the fire giant!
Sif Muna accepts your kill. The bolt of lightning hits you. You resist.
The bolt of lightning hits your cactus giant!!!
You destroy your cactus giant!
Your cactus giant disappears in a puff of smoke!
The bolt of lightning hits the fire giant!!!
The fire giant is heavily wounded.
You feel your strength returning.
Cast which spell? (? or * to list)
The spell is quite dangerous to miscast (12% risk of failure)!
Continue anyway?
Aiming: Iron Shot (quite dangerous; 12% risk of failure)
Press: ? - help, Shift-Dir - straight line, f - fire giant
Aim: a fire giant, wielding a +2 great sword of flaming (heavily wounded, 94% to hit)
You feel a surge of power!
The iron shot hits the fire giant!!
The fire giant is severely wounded.
The fire giant casts a spell at you.
The fireball explodes!
The fireball engulfs you!!
* * * LOW HITPOINT WARNING * * *
Casting: Iron Shot (quite dangerous; 12% risk of failure)
Confirm with . or Enter, or press ? or * to list all spells.
Okay, then.
Unknown command.
Aiming: Fire Storm
Press: ? - help, Dir - move target, p - fire giant
Okay, then.
Aiming: Lehudib's Crystal Spear
Press: ? - help, Shift-Dir - straight line, f/p - fire giant
Aim: a fire giant, wielding a +2 great sword of flaming (severely wounded, 96% to hit)
The crystal spear misses the fire giant.
The fire giant casts a spell at you. The bolt of fire hits you!!
You die...

###########################
).#..#§...§..§§§§+§.#..+$§§
).##§#§####§§§§§##§§+).#
..'§§#§#.###§§§#######+#
###..'.#'#.###'#@§☼##..#
.##+####.°.#.#.##§C.#..##
.#○.°○.#○...##..###.#..≈###
.#.°...'.)...##.#)#.#))).)#
'###○..#.....#..###.#..≈.##
.'.#...###++##.##...#..≈##
##.#..###..###..#'###..≈#
##.#..####..###...#.≈..##
##§##'#..#..#.###.#.≈..#


You could see a fire giant.

Vanquished Creatures
  the Lernaean hydra (D)
  A deep elf master archer (D)
  2 fire giants (D)
  A daeva (D)
  A deep elf annihilator (D)
  A lorocyproca (D)
  A mummy priest (D)
  A hydra (D)
  2 centaur warriors (D)
  Sonja (D)
  A deep troll (D)
  2 oklob plants (D)
  6 shining eyes (D)
  A demonic crawler (D)
  2 merfolk sirens (D)
  2 gargoyles (D)
  2 kobold demonologists (D)
  7 unseen horrors (D)
  A hellwing (D)
  A meliai (D)
  3 hornets (D)
  Sigmund (D)
  A slime creature (D)
  A yak (D)
  13 hogs (D)
  2 redbacks (D)
  7 floating eyes (D)
  An ogre (D)
  7 necrophages (D)
  8 jellies (D)
  Ijyb (D)
  2 ballistomycete spores (D)
  A block of ice (D)
85 creatures vanquished.

Vanquished Creatures (collateral kills)
  A fire giant (D)
  A lindwurm (D)
  2 shining eyes (D)
  2 hornets (D)
6 creatures vanquished.

Vanquished Creatures (others)
  2 ball lightnings (D)
  115 foxfires (D)
117 creatures vanquished.

Grand Total: 208 creatures vanquished

Notes
Turn   | Place    | Note
-------+----------+-------------------------------------------
     0 | D        | Conn the Octopode Fire Elementalist began the quest for the
                  | Orb.
     0 | D        | Reached XP level 1. HP: 11/11 MP: 3/3
     2 | D        | Noticed Ijyb
    11 | D        | Killed Ijyb
    12 | D        | Reached skill level 3 in Spellcasting
    12 | D        | Reached XP level 2. HP: 17/17 MP: 1/6
    12 | D        | Reached XP level 3. HP: 21/21 MP: 1/7
    72 | D        | Learned a level 2 spell: Scorch
    76 | D        | Learned a level 3 spell: Inner Flame
    77 | D        | Noticed an ogre
    80 | D        | Killed an ogre
    81 | D        | Reached skill level 5 in Spellcasting
    81 | D        | Reached XP level 4. HP: 27/27 MP: 0/11
   182 | D        | Noticed Sigmund
   200 | D        | Killed Sigmund
   201 | D        | Reached skill level 7 in Spellcasting
   201 | D        | Reached skill level 5 in Conjurations
   201 | D        | Reached XP level 5. HP: 15/31 MP: 1/14
   201 | D        | Reached XP level 6. HP: 18/36 MP: 1/16
   315 | D        | Learned a level 4 spell: Flame Wave
   325 | D        | Found a shimmering blue altar of Sif Muna.
   326 | D        | Found an ornate altar of the Wu Jian Council.
   329 | D        | Found a radiant altar of Vehumet.
   333 | D        | Became a worshipper of Sif Muna the Loreminder
   372 | D        | Learned a level 3 spell: Call Canine Familiar
   378 | D        | Noticed Sonja
   380 | D        | Killed Sonja
   381 | D        | Reached skill level 10 in Spellcasting
   381 | D        | Reached skill level 10 in Fire Magic
   381 | D        | Reached XP level 7. HP: 41/41 MP: 10/20
   381 | D        | Reached XP level 8. HP: 46/46 MP: 11/22
   479 | D        | Found Joilubudd's Magic Scroll Boutique.
   499 | D        | Noticed a deep troll
   507 | D        | Killed a deep troll
   507 | D        | Reached * piety under Sif Muna
   508 | D        | Reached skill level 5 in Dodging
   508 | D        | Reached skill level 11 in Spellcasting
   542 | D        | Found Pisymued's Armour Emporium.
   598 | D        | Found Mekumn's Assorted Antiques.
   598 | D        | Found an ancient bone altar of Kikubaaqudgha.
   598 | D        | Found a hazy altar of Hepliaklqana.
   598 | D        | Found a stormy altar of Qazlal.
   598 | D        | Found a hide-covered altar of Uskayaw.
   598 | D        | Found a blossoming altar of Fedhas.
   598 | D        | Found a bloodstained altar of Trog.
   598 | D        | Found an iron altar of Okawaru.
   598 | D        | Found a basalt altar of Yredelemnul.
   598 | D        | Found a glowing golden altar of the Shining One.
   598 | D        | Found a snail-covered altar of Cheibriados.
   598 | D        | Found a sacrificial altar of Ru.
   598 | D        | Found a glowing silver altar of Zin.
   598 | D        | Found a shadowy altar of Dithmenos.
   598 | D        | Found a white marble altar of Elyvilon.
   598 | D        | Noticed a yak
   605 | D        | Killed a yak
   606 | D        | Reached skill level 5 in Summonings
   608 | D        | Found an opulent altar of Gozag.
   609 | D        | Found a sparkling altar of Nemelex Xobeh.
   646 | D        | Found a burning altar of Makhleb.
   646 | D        | Found a viscous altar of Jiyva.
   646 | D        | Found a shimmering altar of Xom.
   646 | D        | Found a corrupted altar of Lugonu.
   646 | D        | Noticed a slime creature
   656 | D        | Killed a slime creature
   657 | D        | Reached skill level 1 in Throwing
   657 | D        | Reached XP level 9. HP: 51/51 MP: 15/24
   721 | D        | Noticed a kobold demonologist
   723 | D        | Noticed a kobold demonologist
   723 | D        | Noticed a rust devil
   725 | D        | Noticed a hellwing
   725 | D        | Reached ** piety under Sif Muna
   727 | D        | Killed a kobold demonologist
   727 | D        | Killed a kobold demonologist
   728 | D        | Reached skill level 12 in Spellcasting
   728 | D        | Reached skill level 1 in Hexes
  1134 | D        | Noticed a shining eye
  1134 | D        | Noticed a shining eye
  1134 | D        | Noticed a shining eye
  1141 | D        | Killed a shining eye
  1141 | D        | Reached *** piety under Sif Muna
  1142 | D        | Reached skill level 13 in Spellcasting
  1144 | D        | Noticed a shining eye
  1146 | D        | Noticed a shining eye
  1149 | D        | Killed a shining eye
  1149 | D        | Killed a shining eye
  1150 | D        | Reached XP level 10. HP: 56/56 MP: 1/27
  1150 | D        | Killed a shining eye
  1150 | D        | Killed a shining eye
  1150 | D        | Reached **** piety under Sif Muna
  1151 | D        | Reached skill level 14 in Spellcasting
  1152 | D        | Noticed a shining eye
  1291 | D        | Noticed a shining eye
  1296 | D        | Noticed a shining eye
  1300 | D        | Killed a shining eye
  1300 | D        | Killed a shining eye
  1300 | D        | Reached ***** piety under Sif Muna
  1301 | D        | Reached skill level 15 in Spellcasting
  1376 | D        | Killed a shining eye
  1376 | D        | Received a gift from Sif Muna
  1381 | D        | Learned a level 2 spell: Blink
  1393 | D        | Found Zaumuf's Assorted Antiques.
  1393 | D        | Found Xuxul Is Hyi's Assorted Antiques.
  1393 | D        | Found Foaluoz's Weapon Boutique.
  1393 | D        | Found Sioklub's Armour Emporium.
  1483 | D        | Bought the +0 buckler of the Teacher {rPois rC+ Str-3
                  | Int+2} for 247 gold pieces
  1490 | D        | Bought an ichor-stained spear for 224 gold pieces
  1490 | D        | Identified the +6 spear "Demonslayer" {flame, rElec rCorr
                  | Str-2 SInv} (You bought it in a shop in the Dungeon)
  1652 | D        | Noticed a centaur warrior
  1652 | D        | Noticed a centaur warrior
  1670 | D        | Killed a centaur warrior
  1671 | D        | Reached skill level 10 in Conjurations
  1673 | D        | Killed a centaur warrior
  1674 | D        | Reached skill level 16 in Spellcasting
  1674 | D        | Reached XP level 11. HP: 37/61 MP: 19/31
  1806 | D        | Noticed an oklob plant
  1810 | D        | Killed an oklob plant
  1887 | D        | Received a gift from Sif Muna
  1888 | D        | Got Sif Muna's Tome of the Blazing Sixfirhy {god gift}
  1974 | D        | Reached skill level 17 in Spellcasting
  1978 | D        | Received a gift from Sif Muna
  1983 | D        | Found the +8 storm bow {elec, penet}
  1997 | D        | Got Sif Muna's Tome of the Throng and Ensorcelling {god
                  | gift}
  2006 | D        | Learned a level 6 spell: Summon Cactus Giant
  2018 | D        | Got the Secrets of the Six Knaves
  2026 | D        | Learned a level 6 spell: Iron Shot
  2114 | D        | Found Qitraaz's Assorted Antiques.
  2114 | D        | Found Fyusse's Magic Scroll Shop.
  2114 | D        | Found Oreaqer's Antique Armour Boutique.
  2116 | D        | Found Egehah Fuin's Armour Emporium.
  2116 | D        | Found Alottiep's Armour Shop.
  2116 | D        | Found Ufuodo Gagra's Distillery.
  2116 | D        | Found Doegangoa's Antique Armour Boutique.
  2116 | D        | Found Deul Pifalo's Armour Emporium.
  2116 | D        | Found Yddoch's Assorted Antiques.
  2116 | D        | Found Syahus's Antique Weapon Shoppe.
  2120 | D        | Found Orufiew's Assorted Antiques.
  2122 | D        | Found Keczyocur's Magic Scroll Emporium.
  2122 | D        | Found Napaa's Antique Armour Boutique.
  2123 | D        | Found Hepat's Magic Scroll Emporium.
  2125 | D        | Bought a heavily runed hat for 243 gold pieces
  2125 | D        | Identified the +0 hat of Pride {Will- Dex+4} (You bought it
                  | in a shop in the Dungeon)
  2127 | D        | Bought a steel ring for 120 gold pieces
  2164 | D        | HP: 2/61 [unseen horror (10)]
  2165 | D        | Reached skill level 1 in Invocations
  2168 | D        | Reached skill level 1 in Earth Magic
  2184 | D        | Bought 2 coppery potions for 45 gold pieces
  2198 | D        | Bought a scroll of blinking for 75 gold pieces
  2198 | D        | Bought a scroll of blinking for 75 gold pieces
  2204 | D        | Bought a potion of heal wounds for 70 gold pieces
  2466 | D        | Received a gift from Sif Muna
  2523 | D        | Noticed a lorocyproca
  2531 | D        | Killed a lorocyproca
  2532 | D        | Reached skill level 1 in Fighting
  2532 | D        | Reached skill level 1 in Translocations
  2752 | D        | Learned a level 5 spell: Arcjolt
  2758 | D        | Noticed a lindwurm
  2763 | D        | Killed a lindwurm
  2785 | D        | Received a gift from Sif Muna
  2786 | D        | Reached skill level 1 in Air Magic
  2788 | D        | Reached ****** piety under Sif Muna
  2797 | D        | Received a gift from Sif Muna
  2821 | D        | Got Sif Muna's Spellbook of the Atmospheric Summer {god
                  | gift}
  2821 | D        | Got Ylefujua's Verses on the Evil Eye and Mud {god gift}
  3008 | D        | Learned a level 3 spell: Summon Guardian Golem
  3015 | D        | Learned a level 6 spell: Plasma Beam
  3024 | D        | Noticed a 12-headed hydra
  3039 | D        | Killed a 12-headed hydra
  3040 | D        | Reached skill level 1 in Polearms
  3040 | D        | Reached XP level 12. HP: 37/70 MP: 0/33
  3209 | D        | Noticed a deep elf annihilator
  3210 | D        | Reached skill level 5 in Invocations
  3215 | D        | Received a gift from Sif Muna
  3216 | D        | Reached skill level 18 in Spellcasting
  3222 | D        | Killed a deep elf annihilator
  3223 | D        | Reached skill level 5 in Earth Magic
  3391 | D        | Got Sif Muna's Papyrus of Incandescent Trauma {god gift}
  3401 | D        | Learned a level 6 spell: Starburst
  3407 | D        | Noticed a mummy priest
  3421 | D        | Killed a mummy priest
  3589 | D        | Received a gift from Sif Muna
  3590 | D        | Reached skill level 15 in Fire Magic
  3590 | D        | Got Sif Muna's Lectures on Flaming Changing {god gift}
  3593 | D        | Identified the +4 longbow of Mastery {elec, rPois rC- rN+
                  | Int+2}
  3709 | D        | Noticed the 27-headed Lernaean hydra
  3720 | D        | Killed the 27-headed Lernaean hydra
  3721 | D        | Reached skill level 5 in Hexes
  3829 | D        | Noticed a deep elf master archer
  3835 | D        | Killed a deep elf master archer
  3866 | D        | Noticed Lom Lobon
  4020 | D        | Lost strength.
  4023 | D        | Gained mutation: Your muscles are strong. (Str +4, Int/Dex
                  | -1) [potion of mutation]
  4023 | D        | Gained mutation: Your spells are a little easier to cast,
                  | but a little less powerful. [potion of mutation]
  4070 | D        | Identified the +0 tower shield "Hyobig" {-Tele rElec Str+2
                  | Stlth+}
  4070 | D        | Noticed a daeva
  4089 | D        | Killed a daeva
  4238 | D        | Reached skill level 10 in Invocations
  4239 | D        | HP: 2/70 [unseen horror (10)]
  4240 | D        | Received a gift from Sif Muna
  4241 | D        | Got Sif Muna's Spellbook of Geometric Wounds {god gift}
  4248 | D        | Learned a level 4 spell: Iskenderun's Mystic Blast
  4498 | D        | Noticed a fire giant
  4505 | D        | Killed a fire giant
  4506 | D        | Reached XP level 13. HP: 74/74 MP: 24/35
  4506 | D        | Noticed a fire giant
  4506 | D        | Noticed a fire giant
  4520 | D        | Noticed a fire giant
  4544 | D        | Killed a fire giant
  4547 | D        | Killed a fire giant
  4549 | D        | Killed from afar by a fire giant

Illustrated notes

Levels and vault maps discovered:
D:        dungeon_sprint_1 [red_sonja_temple_1, red_sonja_temple_small_1]

Skill      XL: |  1  2  3  4  5  6  7  8  9 10 11 12 13 |
---------------+----------------------------------------+-----
Spellcasting   | 3 5 7 10 11 13 16 17 18 | 18.9
Conjurations   | 2 3 5 6 7 9 10 11 12 | 12.8
Fire Magic     | 4 6 8 10 11 12 13 14 15 | 15.5
Dodging        | 3 4 5 |  5.5
Summonings     | 3 5 6 8 |  8.7
Throwing       | 1 |  1.7
Hexes          | 2 3 4 5 |  5.4
Invocations    | 4 12 13 | 13.9
Earth Magic    | 4 5 |  5.3
Fighting       | 1 |  1.7
Translocations | 3 4 |  4.8
Air Magic      | 2 4 |  4.2
Polearms       | 1 |  1.1
Stealth        | |  2.6
Shields        | |  0.3
Evocations     | |  0.8

Action                     |  1- 3 |  4- 6 |  7- 9 | 10-12 | 13-15 || total
---------------------------+-------+-------+-------+-------+-------++-------
  Melee: Tentacles         |     2 |       |       |     5 |       ||     7
         Unarmed           |     2 |       |       |       |       ||     2
         Constrict         |     1 |       |       |     4 |       ||     5
         Spear             |       |       |       |    20 |       ||    20
  Throw: Dart              |       |       |     3 |     1 |       ||     4
   Cast: Foxfire           |     3 |     7 |     8 |    55 |       ||    73
         Scorch            |     3 |     7 |     8 |    68 |       ||    86
         Inner Flame       |       |       |     8 |    29 |       ||    37
         Call Canine Famil |       |       |     7 |    23 |     2 ||    32
         Flame Wave        |       |       |     2 |    15 |       ||    17
         Summon Cactus Gia |       |       |       |     9 |     3 ||    12
         Blink             |       |       |       |     2 |       ||     2
         Summon Guardian G |       |       |       |     5 |     4 ||     9
         Iron Shot         |       |       |       |       |     3 ||     3
         Lehudib's Crystal |       |       |       |       |     1 ||     1
         Chain Lightning   |       |       |       |       |     1 ||     1
 Invoke: Channel Magic     |       |       |       |     2 |     1 ||     3
         Forget Spell      |       |       |       |     1 |       ||     1
         Divine Exegesis   |       |       |       |       |     2 ||     2
  Evoke: Wand              |     1 |       |       |     1 |       ||     2
    Use: Potion            |     1 |       |       |     8 |     1 ||    10
         Scroll            |       |       |       |     3 |       ||     3
   Stab: Sleeping          |       |       |       |     1 |       ||     1
 Armour: Skin              |       |       |     1 |    10 |       ||    11
  Dodge: Dodged            |       |     2 |     1 |    30 |       ||    33
  Block: Buckler           |       |       |       |     5 |       ||     5

Table legend: (Time is in decaauts)
 A = Elapsed time spent in this place.
 B = Non-inter-level travel time spent in this place.
 C = Inter-level travel time spent in this place.
 D = Time resting spent in this place.
 E = Time spent auto-exploring this place.
 F = Levels seen in this place.
 G = Mean time per level.
                   A        B        C        D        E       F      G
               +--------+--------+--------+--------+--------+-----+--------+
         Total |   4554 |   4553 |      1 |   2708 |      0 |   1 | 4554.0 |
       Dungeon |   4554 |   4553 |      1 |   2708 |      0 |   1 | 4554.0 |
               +--------+--------+--------+--------+--------+-----+--------+

Top non-repeatable levels by time:
       D: 4554 daAuts
